 Dungeon Crawl Stone Soup version 0.29-a0-341-g24ffce5b50 (webtiles) character file.

Game seed: 6654505616169095343

47 spaghetti the Sneak (level 3, 0/30 HPs)
             Began as a Naga Delver on Apr 20, 2022.
             Was an Initiate of Sif Muna.
             Succumbed to an orc wizard's poison
             ... on level 5 of the Dungeon.
             The game lasted 00:02:48 (1037 turns).

spaghetti the Sneak (Naga Delver)                   Turns: 1037, Time: 00:02:49

Health: 0/30       AC:  2    Str: 14    XL:     3   Next: 70%
Magic:  1/3        EV:  9    Int: 12    God:    Sif Muna [......]
Gold:   9          SH:  0    Dex: 14    Spells: 1/2 levels left

rFire   . . .      SeeInvis +   a - +0 falchion {long}
rCold   . . .      Faith    .   (no shield)
rNeg    . . .      Spirit   .   b - +0 leather armour
rPois   +          Reflect  .   (no helmet)
rElec   .          Harm     .   (no cloak)
rCorr   .          Rampage  .   (no gloves)
Will    .....                   (no barding)
Stlth   ++++......              (no amulet)
HPRegen 0.10/turn               (no ring)
MPRegen 0.08/turn               (no ring)

@: lethally poisoned (0 -> -5), very slightly contaminated, very slow
A: AC +1, large, see invisible, deformed body, poison resistance, slowness 2,
spit poison 1, naga tail 1, agile 1, frail 1, noise suppression
a: Spit Poison, Renounce Religion


You were on level 5 of the Dungeon.
You worshipped Sif Muna.
Sif Muna was noncommittal.
You visited 1 branch of the dungeon, and saw 2 of its levels.

You collected 9 gold pieces.


Innate Abilities, Weirdness & Mutations

Your serpentine skin is tough. (AC +1)
You have supernaturally acute eyesight. (SInv)
Armour fits poorly on your strangely shaped body.
Your system is resistant to poisons. (rPois)
You cover ground very slowly.
You can spit poison.
You have a snake-like lower body.
You are agile. (Dex +2)
You are frail. (-10% HP)
You passively dampen the noise of your surroundings.


   Skills:
 - Level 3.0 Fighting
 - Level 2.0 Long Blades
 - Level 1.5 Dodging
 - Level 7.9 Stealth
 + Level 1.2 Air Magic
 * Level 2.7 Poison Magic


You had one spell level left.
You knew the following spells:

 Your Spells              Type           Power      Damage    Failure   Level
a - Shock                 Conj/Air       4%         1d3       32%         1

Your spell library contained the following spells:

 Spells                   Type           Power      Damage    Failure   Level
 Poisonous Vapours        Pois/Air       8%         N/A       28%         2
 Conjure Ball Lightning   Conj/Air       0%         3x3d6     100%        6

Inventory:

Hand Weapons
 a - a +0 falchion (weapon) {long}
Armour
 b - a +0 leather armour (worn)
 h - an orb of mayhem
   (You found it on level 6 of the Dungeon)
Wands
 g - a wand of digging (3)
Scrolls
 c - a scroll of fog
 d - a scroll of magic mapping {!r}

Dungeon Overview and Level Annotations

Branches:
Dungeon (6/15)
 Temple: D:4-7

Altars:
Sif Muna

Annotations:
D:5 3 exclusions

#.#....#....#...#...#.
..###...#.....#.#.#.#.#
#...
#.###.#....#.#.#.#.#
#..
..#...###...#.#.#.#.#
##
...#....#)###.#..o#...
#.. #..>..#...##... ...
.# #.#..).#....# ..#.?.
..###o..#.....#o#.#.#
#... #@###.#....#. .#.#
#.....#...###...#
##.... ....# ###.#
##... .....# ## ####
#....# #...# ###.# ##


You could see an orc wizard (invisible, poisoned).


Message History

Nothing appears to happen. 😕 MP[-1]
You lost 1 mp, and now have 1/3 mp.
Aiming: Spit Poison (2% risk of failure)
Press: ? - help, Shift-Dir - straight line, f/p - orc wizard
Aim: an orc wizard, wielding a +2 dagger of venom and wearing a +0 robe (lightly wounded, 50% to hit)
The splash of poison misses the orc wizard.
Casting: Shock (safe; 32% risk of failure)
Confirm with . or Enter, or press ? or * to list all spells.
Aiming: Shock (safe; 32% risk of failure)
Press: ? - help, Shift-Dir - straight line, f/p - orc wizard
Aim: an orc wizard, wielding a +2 dagger of venom and wearing a +0 robe (lightly wounded, 55% to hit)
You miscast Shock.
Nothing appears to happen. 😕 MP[-1]
You lost 1 mp, and now have 0/3 mp.
Okay, then.
As you read the scroll labelled VIECIXKINA, it crumbles to dust.
It is a scroll of amnesia.
Really abort (and waste the scroll)?
Okay, then.
It was a potion of mutation.
You feel extremely strange.
You feel frail.
You feel your surroundings grow quieter.
You feel agile.
You now have 30 max hp (-4).
You can't do that yet.
Unknown command.
You hit the orc wizard but do no damage.
The orc wizard hits you with a +2 dagger of venom.
You are poisoned. 😕 HP[-5]
You take 5 damage, and now have 25/30 hp.
Unknown command.
Unknown command.
Unknown command.
Unknown command.
Unknown command.
You aren't carrying any potions.
You miss the orc wizard.
You have got your breath back.
You feel very sick.
The orc wizard hits you with a +2 dagger of venom. 😮 HP[-9]
You take 9 damage, and now have 16/30 hp.
MASSIVE DAMAGE!! (PAUSE) Unknown command.
Unknown command.
Unknown command.
Okay, then.
You aren't carrying any potions.
Unknown command.
Aiming: Spit Poison (2% risk of failure)
Press: ? - help, Shift-Dir - straight line, f/p - orc wizard
Aim: an orc wizard, wielding a +2 dagger of venom and wearing a +0 robe (lightly wounded, 50% to hit)
The splash of poison hits the orc wizard.
The orc wizard is poisoned.
* * * LOW HITPOINT WARNING * * *
You feel very sick.
The orc wizard barely misses you. 😨 HP[-3]
You take 3 damage, and now have 13/30 hp.
You are seriously poisoned (13 -> 3).
You are short of breath.
You are very lightly contaminated with residual magic.
Your movement speed is very slow.
Your attack delay is about 1.2.
Your base attributes are Str 14, Int 12, Dex 12.
You aren't carrying any potions.
Unknown command.
You closely miss the orc wizard.
* * * LOW HITPOINT WARNING * * *
You feel very sick.
The orc wizard casts a spell.
The orc wizard flickers and vanishes for a moment. 😨 HP[-3]
You take 3 damage, and now have 10/30 hp.
You are seriously poisoned (10 -> 3).
You are short of breath.
You are very lightly contaminated with residual magic.
Your movement speed is very slow.
Your attack delay is about 1.2.
Your base attributes are Str 14, Int 12, Dex 12.
Unknown command.
You aren't carrying any potions.
Unknown command.
Okay, then.
You miss the orc wizard.
You feel sick. The orc wizard casts a spell at you. The puff of flame hits you!
* * * LOW HITPOINT WARNING * * *
😱 HP[-9]
You take 9 damage, and now have 1/30 hp.
MASSIVE DAMAGE!! (PAUSE) Unknown command.
You are lethally poisoned (1 -> -4).
You are short of breath.
You are very lightly contaminated with residual magic.
Your movement speed is very slow.
Your attack delay is about 1.2.
Your base attributes are Str 14, Int 12, Dex 12.
Unknown command.
You closely miss the orc wizard.
You have got your breath back.
You die...

Skill      XL: |  1  2 |
---------------+-------+-----
Air Magic      | 1 |  1.2
Poison Magic   | 2 |  2.7
Fighting       | |  3.0
Long Blades    | |  2.0
Dodging        | |  1.5
Stealth        | |  7.9

Action                   || total
-------------------------++-------
Melee: Falchion          ||    20
 Cast: Shock             ||     5
 Abil: Spit Poison       ||    10
  Use: Potion            ||     3
       Scroll            ||     2
 Stab: Sleeping          ||     2
Armor: Leather armour    ||     5
Dodge: Dodged            ||    13

Levels and vault maps discovered:
D:5:      nicolae_BIG_FREAKIN_CUBE, layout_basic, minmay_fire_ice_demons
D:6:      layout_loops_cross, nicolae_overflow_crystal_walls,
          minmay_temple_entry_proselytizer, chequers_serial_rivers_large_a,
          hangedman_decor_riveting

Notes
Turn   | Place    | Note
-------+----------+-------------------------------------------
     0 | D:5      | spaghetti the Naga Delver began the quest for the Orb.
     0 | D:5      | Reached XP level 1. HP: 21/21 MP: 1/1
     0 | D:5      | magus.rc [v1.9.6]
    11 | D:5      | Noticed a phantom
    28 | D:5      | Noticed an orc wizard
    38 | D:5      | Noticed a scorpion
    48 | D:5      | Reached XP level 2. HP: 20/28 MP: 2/2
   167 | D:5      | HP: 7/28 [orc wizard/puff of flame (10)]
   412 | D:6      | Noticed a howler monkey
   592 | D:6      | Found a shimmering blue altar of Sif Muna.
   600 | D:6      | You add the spells Shock, Poisonous Vapours and Conjure
                  | Ball Lightning to your library.
   600 | D:6      | Got Sif Muna's Grimoire of the Birds and Attacks
   604 | D:6      | Became a worshipper of Sif Muna the Loreminder
   711 | D:6      | Learned a level 1 spell: Shock
   862 | D:5      | Reached skill level 1 in Air Magic
   862 | D:5      | Reached skill level 2 in Poison Magic
   862 | D:5      | Reached XP level 3. HP: 15/34 MP: 0/3
  1031 | D:5      | Gained mutation: You are frail. (-10% HP) [potion of
                  | mutation]
  1031 | D:5      | Gained mutation: You passively dampen the noise of your
                  | surroundings. [potion of mutation]
  1031 | D:5      | Gained mutation: You are agile. (Dex +2) [potion of
                  | mutation]
  1036 | D:5      | HP: 1/30 [orc wizard/puff of flame (7)]
  1037 | D:5      | Succumbed to an orc wizard's poison

Vanquished Creatures
  A hound (D:5)
  An adder (D:5)
  4 orcs (D:5)
6 creatures vanquished.

Table legend:
 A = Non-vault XP
 B = Vault XP
 C = Vault XP percentage of total XP
 D = Non-vault monster count
 E = Vault monster count
 F = Vault count percentage of total count
                 A         B        C        D         E       F
            +---------+---------+-------+---------+---------+-------
      Total |      68 |       0 |   0.0 |       6 |       0 |   0.0
            +---------+---------+-------+---------+---------+-------
        D:5 |      68 |       0 |   0.0 |       6 |       0 |   0.0
            +---------+---------+-------+---------+---------+-------

Illustrated notes

Table legend:
 A = Kills in this place as a percentage of kills in entire the game.
 B = Kills by you in this place as a percentage of kills by you in the entire game.
 C = Kills by friends in this place as a percentage of kills by friends in the entire game.
 D = Other kills in this place as a percentage of other kills in the entire game.
 E = Experience gained in this place as a percentage of experience gained in the entire game.
 F = Experience gained in this place divided by the number of levels of this place that you have seen.
                   A       B       C       D       E      F
               +-------+-------+-------+-------+-------+----------------------
         Total | 100.0 | 100.0 |   N/A |   N/A | 100.0 |  34.0
       Dungeon | 100.0 | 100.0 |   N/A |   N/A | 100.0 |  34.0
               +-------+-------+-------+-------+-------+----------------------

Table legend: (Time is in decaauts)
 A = Elapsed time spent in this place.
 B = Non-inter-level travel time spent in this place.
 C = Inter-level travel time spent in this place.
 D = Time resting spent in this place.
 E = Time spent auto-exploring this place.
 F = Levels seen in this place.
 G = Mean time per level.
                   A        B        C        D        E       F      G
               +--------+--------+--------+--------+--------+-----+--------+
         Total |   1158 |   1146 |     12 |    646 |    356 |   2 |  579.0 |
       Dungeon |   1158 |   1146 |     12 |    646 |    356 |   2 |  579.0 |
               +--------+--------+--------+--------+--------+-----+--------+

Top non-repeatable levels by time:
     D:6: 739 daAuts
     D:5: 418 daAuts
